EL
HARRISBURG SENATORS @ SPRINGFIELD CARDINALS
07/24/2048
 
TOP OF THE 1ST
Harrisburg Senators batting - Pitching for Springfield Cardinals : RHP Tony Casey
Pitching: RHP Tony Casey
Batting: RHB Mike Buchanan 0-0: Called Strike
0-1: Fly out, F9 (Line Drive, 89M, EV 105.0 MPH)
Batting: RHB Jim Miske 0-0: Ball
1-0: Called Strike
1-1: Ball
2-1: Foul Ball, location: 2F
2-2: Ground out 6-3 (Groundball, 6M, EV 86.9 MPH)
Batting: LHB Kyung-jin Cho 0-0: Called Strike
0-1: Ball
1-1: Fly out, F8 (Flyball, 78M, EV 85.0 MPH)
Top of the 1st over - 0 runs, 0 hits, 0 errors, 0 left on base; Harrisburg 0 - Springfield 0
BOTTOM OF THE 1ST
Springfield Cardinals batting - Pitching for Harrisburg Senators : LHP Manny Ruiz
Pitching: LHP Manny Ruiz
Batting: RHB Joe LaDue 0-0: Called Strike
0-1: SINGLE (Groundball, 3S, EV 97.5 MPH)
Batting: RHB Andres Mendiola 0-0: Ball
1-0: Called Strike
Joe LaDue is caught stealing 2nd base 2-4
1-1: Ball
2-1: Foul Ball, location: 2F
2-2: SINGLE (Groundball, 23, EV 67.5 MPH) (infield hit)
Batting: RHB Jeff Brower 0-0: Foul Ball, location: 2F
0-1: Ball
1-1: Ball
2-1: Foul Ball, location: 2F
2-2: Foul Ball, location: 2F
2-2: Foul Ball, location: 2F
2-2: Ball
3-2: Strikes out swinging
Batting: RHB Tyler Walker 0-0: Called Strike
Andres Mendiola is caught stealing 2nd base 2-4
Bottom of the 1st over - 0 runs, 2 hits, 0 errors, 0 left on base; Harrisburg 0 - Springfield 0
TOP OF THE 2ND
Harrisburg Senators batting - Pitching for Springfield Cardinals : RHP Tony Casey
Batting: LHB Pat Aviles 0-0: Called Strike
0-1: Swinging Strike
0-2: Strikes out swinging
Batting: RHB Kevin Wick 0-0: Ball
1-0: Called Strike
1-1: Ball
2-1: Called Strike
2-2: Strikes out swinging
Batting: RHB Antonio Morado 0-0: Ball
1-0: Ground out 6-3 (Groundball, 6, EV 88.8 MPH)
Top of the 2nd over - 0 runs, 0 hits, 0 errors, 0 left on base; Harrisburg 0 - Springfield 0
BOTTOM OF THE 2ND
Springfield Cardinals batting - Pitching for Harrisburg Senators : LHP Manny Ruiz
Batting: RHB Tyler Walker 0-0: Ball
1-0: Called Strike
1-1: Fly out, F8 (Flyball, 8RM, EV 77.5 MPH)
Batting: RHB Tommy Boudreaux 0-0: Swinging Strike
0-1: Fly out, F8 (Flyball, 8RXD, EV 85.6 MPH)
Batting: RHB Immel Kamuzu 0-0: Ball
1-0: Ground out 6-3 (Groundball, 6, EV 81.9 MPH)
Bottom of the 2nd over - 0 runs, 0 hits, 0 errors, 0 left on base; Harrisburg 0 - Springfield 0
TOP OF THE 3RD
Harrisburg Senators batting - Pitching for Springfield Cardinals : RHP Tony Casey
Batting: RHB Naofumi Ishida 0-0: Ball
1-0: Ball
2-0: Ball
3-0: Called Strike
3-1: Base on Balls
Batting: RHB Pat Drader 0-0: Ball
Naofumi Ishida steals 2nd base
1-0: Foul Ball, location: 2F
1-1: SINGLE (Line Drive, 4MD, EV 97.5 MPH)
Naofumi Ishida to third
Batting: RHB Victor Cintron 0-0: Called Strike
0-1: Foul Ball, location: 2F
0-2: Foul Ball, location: 2F
0-2: Ball
1-2: Foul Ball, location: 2F
1-2: Foul Ball, location: 2F
1-2: SINGLE (Line Drive, 6MD, EV 98.8 MPH)
Naofumi Ishida scores
Pat Drader to second
Batting: RHB Mike Buchanan 0-0: Called Strike
0-1: Ball
1-1: Ball
2-1: Foul Ball, location: 2F
2-2: Foul Ball, location: 2F
2-2: Strikes out swinging
Batting: RHB Jim Miske 0-0: Ball
1-0: Foul Ball, location: 2F
1-1: Ball
2-1: Foul Ball, location: 2F
2-2: Foul Ball, location: 2F
2-2: Foul Ball, location: 2F
2-2: Ball
3-2: Grounds into double play, 6-4-3 (Groundball, 6M, EV 100.6 MPH)
Top of the 3rd over - 1 run, 2 hits, 0 errors, 1 left on base; Harrisburg 1 - Springfield 0
BOTTOM OF THE 3RD
Springfield Cardinals batting - Pitching for Harrisburg Senators : LHP Manny Ruiz
Batting: SHB Josh Schultze 0-0: Called Strike
0-1: Ground out 4-3 (Groundball, 4M, EV 88.8 MPH)
Batting: RHB Davey Beeson 0-0: Ball
1-0: Ball
2-0: Ball
3-0: Called Strike
3-1: Swinging Strike
3-2: SINGLE (Groundball, 6MD, EV 96.9 MPH)
Batting: LHB Travis Ruppel 0-0: Grounds into double play, 5-4-3 (Groundball, 5, EV 81.2 MPH)
Bottom of the 3rd over - 0 runs, 1 hit, 0 errors, 0 left on base; Harrisburg 1 - Springfield 0
TOP OF THE 4TH
Harrisburg Senators batting - Pitching for Springfield Cardinals : RHP Tony Casey
Batting: LHB Kyung-jin Cho 0-0: Foul Ball, location: 2F
0-1: Swinging Strike
0-2: Ball
1-2: TRIPLE (Flyball, 9LD, EV 112.5 MPH)
Batting: LHB Pat Aviles 0-0: Intentional Walk
Batting: RHB Kevin Wick 0-0: Called Strike
Pat Aviles steals 2nd base
0-1: Ball
1-1: Intentional Walk
Batting: RHB Antonio Morado 0-0: Ball
1-0: Ball
2-0: Foul Ball, location: 2F
2-1: Foul Ball, location: 2F
2-2: Foul Ball, location: 2F
2-2: Strikes out looking
Batting: RHB Naofumi Ishida 0-0: Swinging Strike
0-1: Swinging Strike
0-2: Ball
1-2: SINGLE (Groundball, 6, EV 100.0 MPH) (infield hit)
Kyung-jin Cho scores
Pat Aviles to third
Kevin Wick to second
Batting: RHB Pat Drader 0-0: Ball
1-0: Ball
2-0: Foul Ball, location: 2F
2-1: Ball
3-1: Grounds into fielders choice 6-2 (Groundball, 6MS, EV 93.8 MPH)
Kevin Wick to third
Naofumi Ishida to second
Batting: RHB Victor Cintron 0-0: Called Strike
0-1: Ball
1-1: Foul Ball, location: 2F
1-2: Strikes out swinging
Top of the 4th over - 1 run, 2 hits, 0 errors, 3 left on base; Harrisburg 2 - Springfield 0
BOTTOM OF THE 4TH
Springfield Cardinals batting - Pitching for Harrisburg Senators : LHP Manny Ruiz
Batting: RHB Joe LaDue 0-0: Foul Ball, location: 2F
0-1: Foul Ball, location: 2F
0-2: Ball
1-2: Ball
2-2: Ball
3-2: SINGLE (Groundball, 34D, EV 99.4 MPH)
Batting: RHB Andres Mendiola 0-0: Ball
1-0: SINGLE (Line Drive, 89M, EV 88.8 MPH)
Joe LaDue to second
Runner from 2nd tries for 3rd, OUT! 8-5
Batting: RHB Jeff Brower 0-0: Ball
1-0: Foul Ball, location: 2F
1-1: Called Strike
1-2: Ball
2-2: DOUBLE (Flyball, 8RXD, EV 96.9 MPH)
Andres Mendiola to third
Batting: RHB Tyler Walker 0-0: Ball
1-0: Ball
2-0: Fly out, F8 (Line Drive, 89M, EV 89.4 MPH)
Batting: RHB Tommy Boudreaux 0-0: Ball
1-0: Foul Ball, location: 2F
1-1: Ball
2-1: Ball
3-1: Ground out 5-3 (Groundball, 15, EV 91.2 MPH)
Bottom of the 4th over - 0 runs, 3 hits, 0 errors, 2 left on base; Harrisburg 2 - Springfield 0
TOP OF THE 5TH
Harrisburg Senators batting - Pitching for Springfield Cardinals : RHP Tony Casey
Batting: RHB Mike Buchanan 0-0: Ball
1-0: Called Strike
1-1: Foul Ball, location: 2F
1-2: Foul Ball, location: 2F
1-2: Ball
2-2: Ball
3-2: Foul Ball, location: 2F
3-2: Ground out 6-3 (Groundball, 6, EV 81.2 MPH)
Batting: RHB Jim Miske 0-0: Foul Ball, location: 2F
0-1: Ball
1-1: Swinging Strike
1-2: Ball
2-2: Strikes out looking
Batting: LHB Kyung-jin Cho 0-0: Ball
1-0: Foul Ball, location: 2F
1-1: Called Strike
1-2: Foul Ball, location: 2F
1-2: Ball
2-2: Ball
3-2: Ground out 4-3 (Groundball, 4, EV 110.6 MPH)
Top of the 5th over - 0 runs, 0 hits, 0 errors, 0 left on base; Harrisburg 2 - Springfield 0
BOTTOM OF THE 5TH
Springfield Cardinals batting - Pitching for Harrisburg Senators : LHP Manny Ruiz
Batting: RHB Immel Kamuzu 0-0: DOUBLE (Groundball, 5L, EV 100.6 MPH)
Batting: SHB Josh Schultze 0-0: Ball
1-0: Ball
2-0: Ball
3-0: Called Strike
3-1: Fly out, F9 (Line Drive, 9S, EV 99.4 MPH)
Batting: RHB Davey Beeson 0-0: Called Strike
0-1: Swinging Strike
0-2: Ball
1-2: Foul Ball, location: 2F
1-2: Ball
2-2: Foul Ball, location: 2F
2-2: Strikes out swinging
Batting: LHB Travis Ruppel 0-0: Called Strike
0-1: SINGLE (Groundball, 6D, EV 100.6 MPH)
Immel Kamuzu to third
Runner from 3rd tries for Home, SAFE, throw by CF to home
Travis Ruppel to second
Batting: RHB Joe LaDue 0-0: Called Strike
0-1: Foul Ball, location: 2F
0-2: Fly out, F3 (Popup, 3SF, EV 76.2 MPH)
Bottom of the 5th over - 1 run, 2 hits, 0 errors, 1 left on base; Harrisburg 2 - Springfield 1
TOP OF THE 6TH
Harrisburg Senators batting - Pitching for Springfield Cardinals : RHP Tony Casey
Pitching: RHP Brad Shafer
Batting: LHB Pat Aviles 0-0: Foul Ball, location: 2F
0-1: Ball
1-1: Swinging Strike
1-2: Ball
2-2: Ground out 4-3 (Groundball, 4, EV 84.4 MPH)
Batting: RHB Kevin Wick 0-0: Ball
1-0: Swinging Strike
1-1: Ball
2-1: Foul Ball, location: 2F
2-2: Strikes out swinging
Batting: RHB Antonio Morado 0-0: Swinging Strike
0-1: Called Strike
0-2: Strikes out swinging
Top of the 6th over - 0 runs, 0 hits, 0 errors, 0 left on base; Harrisburg 2 - Springfield 1
BOTTOM OF THE 6TH
Springfield Cardinals batting - Pitching for Harrisburg Senators : LHP Manny Ruiz
Batting: RHB Andres Mendiola 0-0: Swinging Strike
0-1: Ball
1-1: Ball
2-1: Foul Ball, location: 2F
2-2: Fly out, F4 (Popup, 4MD, EV 56.9 MPH)
Batting: RHB Jeff Brower 0-0: Called Strike
0-1: Swinging Strike
0-2: Fly out, F8 (Flyball, 8RM, EV 96.2 MPH)
Batting: RHB Tyler Walker 0-0: Foul Ball, location: 2F
0-1: Foul Ball, location: 2F
0-2: Ball
1-2: Strikes out looking
Bottom of the 6th over - 0 runs, 0 hits, 0 errors, 0 left on base; Harrisburg 2 - Springfield 1
TOP OF THE 7TH
Harrisburg Senators batting - Pitching for Springfield Cardinals : RHP Brad Shafer
Batting: RHB Naofumi Ishida 0-0: Called Strike
0-1: Ground out 6-3 (Groundball, 6, EV 105.0 MPH)
Batting: RHB Pat Drader 0-0: Called Strike
0-1: Called Strike
0-2: Ground out 4-3 (Groundball, 4, EV 100.6 MPH)
Batting: RHB Victor Cintron 0-0: Called Strike
0-1: DOUBLE (Line Drive, 78M, EV 101.2 MPH)
Batting: RHB Mike Buchanan 0-0: Ball
1-0: Ground out 6-3 (Groundball, 6, EV 90.0 MPH)
Top of the 7th over - 0 runs, 1 hit, 0 errors, 1 left on base; Harrisburg 2 - Springfield 1
BOTTOM OF THE 7TH
Springfield Cardinals batting - Pitching for Harrisburg Senators : LHP Manny Ruiz
Batting: RHB Tommy Boudreaux 0-0: Called Strike
0-1: Ball
1-1: Ball
2-1: Ball
3-1: SOLO HOME RUN (Line Drive, 78XD, EV 103.8 MPH), Distance : 409 ft
Batting: RHB Immel Kamuzu 0-0: Foul Ball, location: 2F
0-1: Foul Ball, location: 2F
0-2: Hit by Pitch
Batting: SHB Josh Schultze 0-0: Ball
1-0: Ball
2-0: Ball
3-0: Called Strike
3-1: Swinging Strike
3-2: Base on Balls
Immel Kamuzu to second
Pitching: RHP Tatsuhito Shiota
Pinch Runner at 2nd Austin Akers:
Batting: RHB Davey Beeson 0-0: Ball
1-0: Ball
2-0: Called Strike
2-1: Called Strike
2-2: Ball
3-2: Strikes out swinging
Batting: LHB Travis Ruppel 0-0: Called Strike
Austin Akers steals 3rd base
Josh Schultze to second
0-1: Ball
1-1: Ground out U3 (Groundball, 34, EV 86.9 MPH)
Batting: RHB Joe LaDue 0-0: Called Strike
0-1: Ball
1-1: Called Strike
1-2: Strikes out swinging
Bottom of the 7th over - 1 run, 1 hit, 0 errors, 2 left on base; Harrisburg 2 - Springfield 2
TOP OF THE 8TH
Harrisburg Senators batting - Pitching for Springfield Cardinals : RHP Brad Shafer
Pitching: LHP Nick Suggett
Now in LF: Fortunato Fteira
Batting: RHB Jim Miske 0-0: Ball
1-0: Called Strike
1-1: Foul Ball, location: 2F
1-2: Strikes out looking
Pinch Hitting: RHB Antonio Laurel 0-0: Ball
1-0: Called Strike
1-1: Ground out 6-3 (Groundball, 56, EV 90.0 MPH)
Pinch Hitting: RHB Slavik Nebrodov 0-0: Ground out 4-3 (Groundball, 4M, EV 91.2 MPH)
Top of the 8th over - 0 runs, 0 hits, 0 errors, 0 left on base; Harrisburg 2 - Springfield 2
BOTTOM OF THE 8TH
Springfield Cardinals batting - Pitching for Harrisburg Senators : RHP Tatsuhito Shiota
Now in LF: Ben Welt
Now in RF: Antonio Laurel
Batting: RHB Andres Mendiola 0-0: Called Strike
0-1: Ground out 4-3 (Groundball, 4, EV 106.9 MPH)
Batting: RHB Jeff Brower 0-0: Swinging Strike
0-1: Ball
1-1: Foul Ball, location: 2F
1-2: Ground out 5-3 (Groundball, 56S, EV 86.2 MPH)
Batting: RHB Tyler Walker 0-0: DOUBLE (Line Drive, 78M, EV 94.4 MPH)
Batting: RHB Tommy Boudreaux 0-0: Ball
1-0: Called Strike
1-1: Foul Ball, location: 2F
1-2: Ball
2-2: Fly out, F9 (Flyball, 9LS, EV 89.4 MPH)
Bottom of the 8th over - 0 runs, 1 hit, 0 errors, 1 left on base; Harrisburg 2 - Springfield 2
TOP OF THE 9TH
Harrisburg Senators batting - Pitching for Springfield Cardinals : LHP Nick Suggett
Batting: RHB Kevin Wick 0-0: Foul Ball, location: 2F
0-1: Fly out, F8 (Flyball, 8RM, EV 78.8 MPH)
Batting: RHB Antonio Morado 0-0: Ball
1-0: Ball
2-0: Ball
3-0: Fly out, F9 (Flyball, 9LMF, EV 80.0 MPH)
Batting: RHB Naofumi Ishida 0-0: Ball
1-0: SOLO HOME RUN (Flyball, 78XD, EV 106.9 MPH), Distance : 414 ft
Batting: RHB Pat Drader 0-0: Fly out, F7 (Flyball, 7D, EV 102.5 MPH)
Top of the 9th over - 1 run, 1 hit, 0 errors, 0 left on base; Harrisburg 3 - Springfield 2
BOTTOM OF THE 9TH
Springfield Cardinals batting - Pitching for Harrisburg Senators : RHP Tatsuhito Shiota
Pitching: RHP Gareth Cutts
Batting: RHB Fortunato Fteira 0-0: SINGLE (Flyball, 78S, EV 94.4 MPH)
Batting: SHB Josh Schultze 0-0: Foul Ball, location: 2F
0-1: Ball
1-1: Ball
2-1: Called Strike
2-2: Strikes out swinging
Batting: RHB Davey Beeson 0-0: Swinging Strike
0-1: Ball
1-1: Foul Ball, location: 2F
1-2: Strikes out looking
Batting: LHB Travis Ruppel 0-0: Called Strike
0-1: Foul Ball, location: 2F
0-2: Strikes out swinging
Bottom of the 9th over - 0 runs, 1 hit, 0 errors, 1 left on base; Harrisburg 3 - Springfield 2
Tuesday, March 28th , 2023 - OOTP Baseball 23.10 Build 110